Map: Orbital Shipyard

Players

Monstercat - Winner!

  • Race: Terran Terran
  • League: Master

Huntor

  • Race: Zerg Zerg
  • League: Master

VOD

https://www.youtube.com/watch?v=peN43rSWskc

Description

I DID NOT COME UP WITH THE BUILD ORDER OR MAKE THE VIDEO. ALL CREDIT TO WINTERSTACRAFT

The replay of Winterstarcraft's build in "Starcraft 2: Legacy of the Void Highlight - Full Terran Pressure Build 2 Base Barracks Attack Timing" on youtube. He is monstercat.

Please sub to/follow his stuff.
Youtube: https://www.youtube.com/channel/UCk3w4CQ_SlLH4V0-V6WjFZg
Twitch: http://www.twitch.tv/wintergaming/profile

Time

  • Played on: Dec. 3, 2015, 2:37 a.m.
  • Length: 9:39
Show
View Real Time Build Order
Export as new Build Order

Monstercat Terran - Winner!

Build Orders: MMM Bio 

Get SALT Encoding   

  12  0:01  SCV  
  13  0:13  SCV  
  14  0:22  Supply Depot  
  14  0:25  SCV  
  15  0:43  SCV  
  15  0:45  Barracks  
  16  0:50  Refinery  
  16  0:55  SCV  
  17  1:07  SCV  
  18  1:19  SCV  
  20  1:35  Orbital Command  
  20  1:36  Reaper  
  20  1:38  Supply Depot  
  20  1:52  Command Center  
  20  2:03  SCV  
  21  2:09  Barracks Reactor  
  21  2:11  Barracks  
  21  2:15  SCV  
  22  2:24  Barracks  
  22  2:27  SCV  
  23  2:39  SCV  
  24  2:50  Marine x2  
  26  2:51  SCV  
  27  2:59  Refinery  
  27  3:03  Barracks Tech Lab  
  27  3:04  Factory, SCV  
  28  3:06  Orbital Command  
  28  3:16  SCV  
  29  3:23  Marine, Stimpack  
  30  3:28  SCV  
  31  3:40  Barracks, Barracks Reactor, SCV x2  
  32  3:44  Marine x2  
  34  3:52  SCV  
  35  3:56  Starport  
  35  3:58  Factory Reactor, SCV  
  35  4:02  Marine x2  
  38  4:07  SCV  
  39  4:10  Engineering Bay  
  39  4:11  SCV  
  39  4:12  Supply Depot  
  40  4:19  SCV  
  40  4:20  Marine, Marauder  
  40  4:23  SCV  
  45  4:24  Supply Depot  
  45  4:29  Barracks Tech Lab  
  45  4:32  Barracks  
  45  4:33  SCV  
  46  4:39  SCV  
  46  4:44  Marine x2  
  46  4:45  Factory Reactor, SCV  
  50  4:49  Terran Infantry Weapons Level 1  
  50  4:51  Refinery, SCV  
  51  4:55  Medivac  
  51  4:58  Marine x2  
  55  5:02  SCV  
  55  5:04  Supply Depot  
  55  5:06  Marauder  
  58  5:11  SCV  
  59  5:16  Marine  
  59  5:18  Medivac  
  62  5:24  Barracks Reactor  
  62  5:27  Supply Depot  
  62  5:28  Marine  
  62  5:30  SCV  
  62  5:32  SCV  
  62  5:34  Refinery  
  62  5:35  Marine  
  65  5:37  Marine x2  
  65  5:38  Medivac  
  70  5:48  Supply Depot, Combat Shields, SCV x2  
  72  5:52  Marine x3  
  75  6:01  SCV x2  
  75  6:03  Marine  
  78  6:04  Supply Depot  
  78  6:09  Marine x2  
  78  6:10  Marauder, Medivac  
  84  6:13  SCV  
  71  6:32  Marine  
  71  6:33  Marine x3, Marauder x2, Widow Mine x2  
  71  6:34  Medivac  
  71  6:35  SCV  
  71  6:36  Marine x2  
  88  6:40  Medivac  
  88  6:43  Supply Depot  
  88  6:44  Terran Infantry Armor Level 1, SCV  
  88  6:46  Supply Depot  
  91  6:50  Marine x2  
  91  6:51  Marine  
  91  6:53  Concussive Shells  
  94  7:04  Marine x4, Widow Mine x2  
  94  7:07  Marine, SCV  
  104  7:08  Marine x3  
  107  7:22  Marine x3  
  110  7:36  Marine  
  110  7:45  Marine x4, Marauder x2  
  118  7:59  Command Center  
  118  8:00  Marine  
  118  8:10  Marine, Marauder  
  118  8:11  Marine x2  
  118  8:15  Marine  
  118  8:16  Marine, SCV  
  118  8:17  Marine  
  118  8:18  Marine  
  115  8:28  Marine  
  115  8:29  Marine x2  
  115  8:31  Marine  
  115  8:33  Marine  
  117  8:34  Marine  
  117  8:39  Barracks, Supply Depot  
  117  8:40  Supply Depot  
  118  8:42  SCV  
  118  8:46  Marine  
  118  8:47  Widow Mine  
  114  8:51  Marine  
  106  9:01  Marine  
  102  9:04  Marine  
  102  9:07  Marine, SCV  
  97  9:17  Marine  
  109  9:25  Armory  
  109  9:26  Engineering Bay  
Show
View Real Time Build Order
Export as new Build Order

Huntor Zerg 

Build Orders: Hatch First 

Get SALT Encoding   

  12  0:01  Drone  
  13  0:13  Overlord  
  13  0:17  Drone  
  14  0:33  Drone x2  
  17  0:35  Drone  
  17  0:54  Hatchery  
  16  0:57  Drone  
  16  0:59  Drone  
  18  1:11  Extractor  
  17  1:15  Spawning Pool  
  17  1:17  Drone  
  17  1:21  Drone  
  18  1:29  Drone  
  19  1:39  Overlord  
  19  2:01  Queen  
  19  2:02  Zergling x4  
  19  2:05  Queen  
  19  2:06  Drone  
  26  2:13  Metabolic Boost  
  26  2:15  Drone  
  27  2:17  Drone  
  28  2:23  Drone  
  28  2:28  Drone  
  30  2:38  Queen  
  30  2:39  Overlord  
  30  2:41  Queen  
  34  2:51  Drone x2  
  36  3:01  Drone x3  
  38  3:17  Extractor  
  38  3:19  Drone  
  38  3:20  Overlord  
  38  3:22  Zergling x2  
  38  3:23  Drone x4  
  44  3:38  Overlord  
  44  3:39  Drone x2  
  45  3:45  Roach Warren  
  45  3:46  Extractor  
  45  3:47  Extractor  
  42  3:50  Drone x5  
  42  3:51  Drone  
  42  3:55  Hatchery  
  47  4:05  Overlord  
  47  4:07  Drone x4  
  51  4:15  Overlord  
  50  4:19  Lair  
  50  4:22  Extractor  
  49  4:28  Drone x5  
  49  4:29  Drone  
  55  4:36  Roach x2  
  59  4:39  Roach  
  59  4:44  Baneling Nest  
  60  4:54  Overlord  
  60  4:55  Drone x4  
  60  4:56  Drone  
  60  4:58  Overlord x2  
  60  4:59  Drone  
  65  5:20  Overlord  
  65  5:23  Zergling x16  
  65  5:26  Glial Reconstitution  
  65  5:27  Centrifical Hooks  
  73  5:38  Roach x2  
  73  5:39  Overlord  
  73  5:40  Zergling x4  
  73  5:41  Zergling x4  
  73  5:42  Overlord  
  81  5:47  Evolution Chamber x2  
  79  5:50  Drone  
  80  6:03  Baneling x6  
  80  6:04  Baneling x2  
  80  6:05  Baneling x13  
  80  6:07  Zergling x2  
  80  6:08  Zergling x16  
  76  6:33  Drone x11  
  76  6:36  Zerg Ground Armor Level 1  
  76  6:39  Zerg Missile Weapons Level 1  
  87  6:41  Roach  
  87  6:43  Ravager x2  
  87  6:45  Ravager  
  92  6:48  Extractor x2  
  92  6:51  Hatchery  
  89  6:54  Drone x4  
  89  6:55  Drone  
  89  6:56  Overseer  
  89  6:59  Overseer  
  94  7:03  Overlord, Ravager  
  95  7:10  Drone x3  
  95  7:11  Overlord  
  98  7:24  Queen  
  98  7:25  Queen  
  93  7:44  Drone x5  
  93  7:46  Drone  
  97  7:53  Spore Crawler  
  97  7:55  Zergling x2  
  97  7:56  Zergling x24  
  105  8:08  Roach x5  
  105  8:09  Roach x2  
  107  8:23  Roach  
  107  8:24  Roach x5  
  108  8:34  Drone  
  108  8:35  Drone x4  
  108  8:36  Roach x3  
  108  8:37  Roach  
  114  8:52  Spine Crawler  
  114  8:53  Spine Crawler  
  114  8:55  Spine Crawler x2, Drone x6  
  110  8:56  Spine Crawler  
  110  8:57  Spine Crawler  
  95  9:05  Zergling x2  
  95  9:06  Zergling x8  
  94  9:10  Roach x4  
Tags
 
Add a new tag
Caveats
  • Supply blocks, unpowered buildings, or Contaminate may cause inaccurate times.
  • Supply counts are checked every 10 seconds.